 Dungeon Crawl Stone Soup version 0.28.0-45-g0d030f2227 (webtiles) character file.

Game seed: 11326284806317784985

3 101zpm the Gusty (level 1, -3/13 HPs)
             Began as a Gnoll Air Elementalist on Apr 22, 2022.
             Slain by a quokka (4 damage)
             ... on level 2 of the Dungeon.
             The game lasted 00:00:32 (141 turns).

101zpm the Gusty (Gnoll Air Elementalist)            Turns: 141, Time: 00:00:33

Health: -3/13      AC:  2    Str:  7    XL:     1   Next: 50%
Magic:  1/6        EV: 13    Int: 14    God:
Gold:   12         SH:  0    Dex: 12    Spells: 8/9 levels left

rFire   . . .      SeeInvis .   (no weapon)
rCold   . . .      Faith    .   (no shield)
rNeg    . . .      Spirit   .   a - +0 robe
rPois   .          Reflect  .   (no helmet)
rElec   .          Harm     .   (no cloak)
rCorr   .          Rampage  .   (no gloves)
Will    .....                   (no boots)
Stlth   ++........              (no amulet)
HPRegen 0.04/turn               (no ring)
MPRegen 0.10/turn               (no ring)

@: no status effects
A: fangs 1, strong nose, distributed training
a: no special abilities


You were on level 2 of the Dungeon.
You visited 1 branch of the dungeon, and saw 2 of its levels.

You collected 12 gold pieces.

Inventory:

Armour
 a - a +0 robe (worn)
Potions
 b - 2 potions of haste {unknown}
 c - a potion of heal wounds {unknown}


   Skills:
 + Level 0.0 Fighting
 + Level 0.0 Short Blades
 + Level 0.0 Long Blades
 + Level 0.0 Axes
 + Level 0.0 Maces & Flails
 + Level 0.0 Polearms
 + Level 0.0 Staves
 + Level 0.0 Slings
 + Level 0.0 Bows
 + Level 0.0 Crossbows
 + Level 0.0 Throwing
 + Level 0.0 Armour
 + Level 4.4 Dodging
 + Level 4.0 Stealth
 + Level 0.0 Shields
 + Level 0.0 Unarmed Combat
 + Level 4.8 Spellcasting
 + Level 1.9 Conjurations
 + Level 0.0 Hexes
 + Level 0.0 Summonings
 + Level 0.0 Necromancy
 + Level 0.0 Translocations
 + Level 0.0 Transmutations
 + Level 0.0 Fire Magic
 + Level 0.0 Ice Magic
 + Level 5.3 Air Magic
 + Level 0.0 Earth Magic
 + Level 0.0 Poison Magic
 + Level 0.1 Invocations
 + Level 0.0 Evocations


You had 8 spell levels left.
You knew the following spells:

 Your Spells              Type           Power      Damage    Failure   Level
a - Shock                 Conj/Air       52%        1d6       4%          1

Your spell library contained the following spells:

 Spells                   Type           Power      Damage    Failure   Level
 Static Discharge         Conj/Air       13%        N/A       6%          2
 Swiftness                Air            18%        N/A       6%          3
 Airstrike                Air            9%         N/A       21%         4


Dungeon Overview and Level Annotations

Branches:
Dungeon (2/15)

Altars:


Innate Abilities, Weirdness & Mutations

You have very sharp teeth.
Your uncanny sense of smell can sniff out nearby items.
Your experience applies equally to all skills.


Message History

You hit the quokka but do no damage. Your bite misses the quokka.
The quokka is moderately wounded.
The quokka barely misses you.
You barely miss the quokka. Your bite misses the quokka.
The quokka is moderately wounded.
The quokka barely misses you. The quokka bites you.
You are too injured to fight recklessly!
You are too injured to fight recklessly!
You are too injured to fight recklessly!
You are too injured to fight recklessly!
You are too injured to fight recklessly!
You are too injured to fight recklessly!
You are too injured to fight recklessly!
You are too injured to fight recklessly!
You are too injured to fight recklessly!
You are too injured to fight recklessly!
You are too injured to fight recklessly!
You are too injured to fight recklessly!
You are too injured to fight recklessly!
You are too injured to fight recklessly!
You are too injured to fight recklessly!
You are too injured to fight recklessly!
You are too injured to fight recklessly!
You are too injured to fight recklessly!
You are too injured to fight recklessly!
You are too injured to fight recklessly!
You closely miss the quokka. The quokka closely misses you.
You barely miss the quokka. Your bite misses the quokka.
The quokka barely misses you.
You closely miss the quokka. The quokka closely misses you.
You closely miss the quokka. The quokka bites you.
You barely miss the quokka. The quokka bites you.
* * * LOW HITPOINT WARNING * * *
The quokka misses you.
Aiming: Shock (safe; 4% risk of failure)
Press: ? - help, Q - select action Shift-Dir - straight line, f/p - quokka
Aim: a quokka (56% to hit)
The zap misses the quokka.
The quokka bites you.
You die...

.# .# ### .# + ..#
.# 8. #.##.# ...
#.#..# 8... #.#.##
..... #....##
###8..... #†#.#.##
#@r.....)
♣♣.♣.##.###.#8!†...
♣♣P..........#
..... .
♣♣P..♣.##.##.##
8... ∆
.#♣♣.♣..♣.#.###.#
... ..♣.P.♣♣♣...
..# 8. ###
.....♣P♣♣.## ##.# +
##.#
.#♣.♣♣♣♣#.#####.#
##.#.
..##.#..#....##.#
#.###


You could see a quokka.

Vanquished Creatures
  2 jackals (D:2)
  A frilled lizard (D:2)
3 creatures vanquished.

Notes
Turn   | Place    | Note
-------+----------+-------------------------------------------
     0 | D:1      | 101zpm the Gnoll Air Elementalist began the quest for the
                  | Orb.
     0 | D:1      | Reached XP level 1. HP: 13/13 MP: 6/6
   141 | D:2      | Slain by a quokka

Illustrated notes

Levels and vault maps discovered:
D:1:      dpeg_arrival_water_fire, layout_basic, basic_ecumenical_altar
D:2:      layout_loops_ring, serial_forest, infiniplex_forest_corner_2,
          infiniplex_forest_pool, infiniplex_forest_clump_medium,
          infiniplex_forest_clump_small, infiniplex_forest_clump_double,
          infiniplex_forest_zigzag_1, basic_altar, serial_shops, shop,
          grunt_decor_resistance, grunt_decor_junction, dk_noncrumbling_4

Action                   || total
-------------------------++-------
Melee: Unarmed           ||    14
       Bite              ||     1
 Cast: Shock             ||     8
Dodge: Dodged            ||    13
